 Dungeon Crawl Stone Soup version 0.30.1-11-g7821555f0a (webtiles) character file.

Game seed: 8036425035342571741

1101 cowcol the Cleaver (level 8, -5/70 HPs)
             Began as a Minotaur Fighter on Jan 11, 2024.
             Slain by Joseph
             ... wielding a +4 quarterstaff of speed
              (18 damage)
             ... on level 7 of the Dungeon.
             The game lasted 00:13:02 (5757 turns).

cowcol the Cleaver (Minotaur Fighter)               Turns: 5757, Time: 00:13:03

Health: -5/70      AC: 14    Str: 23    XL:     8   Next: 10%
Magic:  7/7        EV:  8    Int:  5    God:
Gold:   210        SH:  4    Dex: 10    Spells: 7/7 levels left

rFire   . . .        a - +0 war axe
rCold   . . .        c - +0 buckler
rNeg    . . .        p - +0 chain mail
rPois   .            (helmet restricted)
rElec   .            (no cloak)
rCorr   .            r - +2 pair of gloves
SInv    .            (no boots)
Will    .....        (no amulet) Stlth
                     (no ring)
HPRegen 0.31/turn    (no ring)
MPRegen 0.10/turn

%: no passive effects
@: brilliant
A: horns 2, retaliatory headbutt
a: no special abilities


You were on level 7 of the Dungeon.
You visited 2 branches of the dungeon, and saw 8 of its levels.

You collected 235 gold pieces.
You spent 25 gold pieces at shops.

Inventory:

Hand Weapons
 a - a +0 war axe (weapon)
 y - a +0 morningstar
Missiles
 v - 13 poisoned darts (quivered)
Armour
 b - a +0 scale mail
 c - a +0 buckler (worn)
 p - a +0 chain mail (worn)
 r - a +2 pair of gloves (worn)
 u - a +0 plate armour
Scrolls
 e - a scroll of silence
 f - 3 scrolls of teleportation
 g - a scroll of fear
 i - a scroll of vulnerability {unknown}
 o - a scroll of amnesia
 s - a scroll of poison
 w - a scroll of enchant weapon {unknown}
 x - a scroll of blinking {unknown}
Potions
 d - 2 potions of might
 h - 2 potions of mutation {unknown}
 j - 6 potions of curing
 k - a potion of magic {unknown}
 l - a potion of attraction {unknown}
 m - a potion of ambrosia {unknown}
 n - 3 potions of brilliance
 q - a potion of degeneration {unknown}
 t - a potion of heal wounds {unknown}
 z - a potion of invisibility {unknown}


   Skills:
 + Level 5.8 Fighting
 + Level 8.4 Axes
 + Level 0.8 Throwing
 + Level 7.3 Armour
 - Level 4.0 Shields


You had 7 spell levels left.
You didn't know any spells.
Your spell library contained the following spells:

 Spells                   Type           Power      Damage    Failure   Level
 Beastly Appendage        Tmut           0%         N/A       97%         1
 Summon Small Mammal      Summ           0%         N/A       97%         1
 Wereblood                Tmut           0%         N/A       99%         2
 Call Canine Familiar     Summ           0%         N/A       100%        3
 Spider Form              Tmut/Pois      0%         N/A       100%        3
 Summon Guardian Golem    Hex/Summ       0%         N/A       100%        3


Dungeon Overview and Level Annotations

Branches:
Dungeon (7/15)             Temple (1/1) D:4

Altars:
Ashenzari
Cheibriados
Elyvilon
Fedhas
Gozag
Hepliaklqana
Kikubaaqudgha
Makhleb
Nemelex Xobeh
Qazlal
Sif Muna
Trog
Uskayaw
Vehumet
Wu Jian
Xom
Yredelemnul
Zin
The Shining One

Shops:
D:1 :(*((   D:4 *

Annotations:
D:7 Joseph


Innate Abilities, Weirdness & Mutations

You have a pair of horns on your head.
You reflexively headbutt those who attack you in melee.


Message History

Joseph is lightly wounded.
Joseph hits you with a +4 quarterstaff of speed!
Joseph closely misses you.
You hit Joseph. You headbutt Joseph, but do no damage.
Joseph is moderately wounded.
Joseph hits you with a +4 quarterstaff of speed.
Unknown command.
You slash Joseph! You headbutt Joseph, but do no damage.
Joseph is moderately wounded.
Joseph hits you but does no damage. x2
You closely miss Joseph. Your headbutt misses Joseph.
Joseph is moderately wounded.
You block Joseph's attack.
Joseph hits you with a +4 quarterstaff of speed!
You slash Joseph!
Joseph is severely wounded.
Joseph hits you with a +4 quarterstaff of speed!
* * * LOW HITPOINT WARNING * * *
You closely miss Joseph.
Joseph is severely wounded.
Joseph hits you but does no damage. x2
Unknown command.
You hit Joseph.
Joseph is severely wounded.
Joseph hits you with a +4 quarterstaff of speed.
* * * LOW HITPOINT WARNING * * *
Joseph hits you with a +4 quarterstaff of speed!
* * * LOW HITPOINT WARNING * * *
You slash Joseph!
Joseph is almost dead.
Joseph hits you with a +4 quarterstaff of speed.
* * * LOW HITPOINT WARNING * * *
You block Joseph's attack.
You feel better. Joseph barely misses you.
Unknown command.
You feel better.
Joseph shouts, "Return immediately or I'll kill you!"
You block Joseph's attack.
Joseph hits you with a +4 quarterstaff of speed!!
You die...

#.......... #
#.......... .
#.#........# .#
.##.#........#..#
.............#..#
................#
.##...@......#..#.
.......@...........
.####..###....###..
.................
####..##.#........
.......<........
##..##.#........
................
.....#.##.......
.....+. .......


You could see Joseph.

Vanquished Creatures
  An orc warrior (D:6)
  An ice beast (D:6)
  A sky beast (D:6)
  A black bear (D:4)
  A kobold brigand (D:5)
  2 scorpions
  A jelly (D:5)
  4 orc priests (D:6)
  5 hounds
  2 iguanas
  An orc wizard (D:6)
  Robin (D:2)
  5 adders
  A shadow imp (D:6)
  An ufetubus (D:5)
  4 dart slugs
  6 orcs (D:6)
  A bat (D:1)
  6 endoplasms
  2 giant cockroaches
  19 goblins
  11 hobgoblins
  4 jackals (D:1)
  3 quokkas
  3 ball pythons
  3 frilled lizards
  A jackal zombie (D:4)
  15 kobolds
  6 rats
112 creatures vanquished.

Notes
Turn   | Place    | Note
-------+----------+-------------------------------------------
     0 | D:1      | cowcol the Minotaur Fighter began the quest for the Orb.
     0 | D:1      | Reached XP level 1. HP: 19/19 MP: 0/0
   259 | D:1      | Found Tean's Assorted Antiques.
   285 | D:1      | Reached XP level 2. HP: 23/27 MP: 1/1
   359 | D:1      | Bought a scroll labelled MANKAC UHOWIMP for 25 gold pieces
   364 | D:1      | Found Enuk's Book Boutique.
   497 | D:1      | Found Iqaleoha's Antique Weapon Shop.
   597 | D:1      | Found Esasaciz's Weapon Emporium.
   856 | D:1      | Reached XP level 3. HP: 29/33 MP: 2/2
  1186 | D:1      | Found Ehak's Weapon Boutique.
  1351 | D:2      | Reached skill level 3 in Axes
  1609 | D:2      | Reached XP level 4. HP: 38/40 MP: 3/3
  1762 | D:2      | Identified the +0 helmet "Seatz" {rC++ Dex+2}
  1762 | D:2      | Noticed Robin
  1781 | D:2      | Killed Robin
  1782 | D:2      | Reached skill level 4 in Axes
  2208 | D:3      | Found a faded altar of an unknown god.
  2530 | D:3      | Found a radiant altar of Vehumet.
  2541 | D:3      | Found a white marble altar of Elyvilon.
  2721 | D:3      | Found a broken altar of Ashenzari.
  2721 | D:3      | Found a snail-covered altar of Cheibriados.
  2723 | D:3      | Found a bloodstained altar of Trog.
  2723 | D:3      | Found a hide-covered altar of Uskayaw.
  2761 | D:3      | Found an ornate altar of the Wu Jian Council.
  2974 | D:4      | Found a staircase to the Ecumenical Temple.
  2982 | Temple   | Entered the Ecumenical Temple
  3222 | D:4      | Noticed a black bear
  3233 | D:4      | Killed a black bear
  3234 | D:4      | Reached skill level 5 in Axes
  3234 | D:4      | Reached skill level 5 in Armour
  3234 | D:4      | Reached XP level 5. HP: 33/47 MP: 4/4
  3403 | D:4      | Found Simp's Overcharged Wands.
  3534 | D:4      | Reached XP level 6. HP: 53/55 MP: 5/5
  3686 | D:4      | Found a runed translucent door.
  3686 | D:4      | Noticed a human
  3696 | D:4      | Found a basalt altar of Yredelemnul.
  3903 | D:5      | Entered Level 5 of the Dungeon
  3971 | D:5      | Reached skill level 6 in Axes
  4018 | D:5      | Reached skill level 5 in Fighting
  4099 | D:5      | Reached XP level 7. HP: 51/61 MP: 6/6
  4741 | D:6      | Reached skill level 7 in Axes
  5275 | D:6      | Reached skill level 8 in Axes
  5275 | D:6      | Reached XP level 8. HP: 35/70 MP: 7/7
  5448 | D:6      | Found a glowing silver altar of Zin.
  5448 | D:6      | Noticed an angel
  5450 | D:6      | Found a shimmering altar of Xom.
  5742 | D:7      | Noticed Joseph
  5755 | D:7      | HP: 1/70 [Joseph/+4 quarterstaff of speed (5)]
  5757 | D:7      | Slain by Joseph

Illustrated notes

Levels and vault maps discovered:
D:1:      psy_arrival_basics, layout_basic, serial_shops, shop, shop, shop,
          nicolae_shop_bloodbath_and_beyond, nicolae_shop_statue_plus,
          chequers_serial_rivers_room_b, minmay_misc_feat_room
D:2:      layout_basic, uniq_robin
D:3:      layout_loops_ring, mainiacjoe_overflow_alcove_3,
          nzn_wu_jian_council_hall, mainiacjoe_overflow_big_doors,
          basic_ecumenical_altar
D:4:      layout_basic, dk_yredelemnul_ordeal, minmay_temple_entry_large_hall,
          nicolae_shop_overcharged_wands
D:5:      layout_loops_ring
D:6:      layout_gridville, grunt_temple_overflow_order_and_chaos_1
D:7:      kennysheep_six_static_rooms, layout_basic, uniq_joseph
Temple:   nicolae_temple_bog_church

Skill      XL: |  1  2  3  4  5  6  7 |
---------------+----------------------+-----
Armour         | 4 5 6 7 |  7.3
Fighting       | 4 5 |  5.8
Shields        | 4 |  4.0
Axes           | 3 5 6 8 |  8.4
Throwing       | |  0.8

Action                     |  1- 3 |  4- 6 |  7- 9 || total
---------------------------+-------+-------+-------++-------
  Melee: War axe           |    79 |   113 |    66 ||   258
         Headbutt          |     8 |    13 |    10 ||    31
  Throw: Dart              |       |     4 |       ||     4
    Use: Scroll            |     3 |     2 |     5 ||    10
         Potion            |       |       |     6 ||     6
 Armour: Scale mail        |    43 |    66 |     6 ||   115
         Chain mail        |       |       |    29 ||    29
  Dodge: Dodged            |    34 |    51 |    32 ||   117
  Block: Buckler           |    12 |    17 |    14 ||    43
